 Dungeon Crawl Stone Soup version 0.29-a0-1009-g60c99734e7 (webtiles) character file.

Game seed: 837452373422926066

37 gelatine the Chopper (level 3, -2/27 HPs)
             Began as a Demonspawn Gladiator on Aug 9, 2022.
             Slain by a gnoll
             ... wielding a +0 vorpal spear
              (4 damage)
             ... on level 2 of the Dungeon.
             The game lasted 00:02:03 (1005 turns).

gelatine the Chopper (Demonspawn Gladiator)         Turns: 1005, Time: 00:02:04

Health: -2/27      AC:  4    Str: 16    XL:     3   Next: 23%
Magic:  3/3        EV: 12    Int:  9    God:
Gold:   40         SH:  0    Dex: 14    Spells: 2/2 levels left

rFire   . . .      SeeInvis .   a - +0 war axe
rCold   . . .      Faith    .   (no shield)
rNeg    . . .      Spirit   .   b - +0 leather armour
rPois   .          Reflect  .   c - +0 helmet
rElec   .          Harm     .   (no cloak)
rCorr   .          Rampage  .   (no gloves)
Will    .....                   (no boots)
Stlth   +.........              (no amulet)
HPRegen 0.09/turn               (no ring)
MPRegen 0.08/turn               (no ring)

@: no status effects
A: powered by pain 1
a: no special abilities


You were on level 2 of the Dungeon.
You visited 1 branch of the dungeon, and saw 2 of its levels.

You collected 40 gold pieces.

Inventory:

Hand Weapons
 a - a +0 war axe (weapon)
Missiles
 d - a throwing net (quivered)
 e - a javelin
Armour
 b - a +0 leather armour (worn)
 c - a +0 helmet (worn)
Magical Staves
 j - a staff of poison
Scrolls
 f - a scroll of blinking {unknown}
 h - a scroll of teleportation {unknown}
 i - a scroll of amnesia {unknown}
 l - a scroll of identify {unknown}
Potions
 g - a potion of resistance {unknown}
 k - a potion of curing {unknown}
 m - a potion of lignification {unknown}


   Skills:
 + Level 2.1 Fighting
 + Level 3.5 Axes
 + Level 1.8 Throwing
 + Level 3.1 Dodging


You had 2 spell levels left.
You didn't know any spells.
Your spell library was empty.

Dungeon Overview and Level Annotations

Branches:
Dungeon (2/15)

Altars:


Innate Abilities, Weirdness & Mutations

You sometimes gain a little power by taking damage.


Message History

You climb downwards.
The gnoll shouts!
Found a scroll labelled VIYCUE FALI, a chain mail and 2 red potions.
Found an escape hatch in the floor.
Found a stone staircase leading up.
There is a stone staircase leading up here.
You throw a throwing net.
The throwing net barely misses the gnoll.
You throw a throwing net. The throwing net hits the gnoll.
The gnoll is caught in the net!
A rat comes into view.
The gnoll struggles against the net.
The gnoll struggles against the net.
You slash the gnoll!
The gnoll is almost dead.
The gnoll hits you with a +0 club.
The gnoll struggles against the net.
The gnoll barely misses you.
The gnoll struggles against the net.
The gnoll hits you with a +0 club.
You closely miss the gnoll.
The gnoll is almost dead.
You hit the gnoll but do no damage. The gnoll barely misses you.
The gnoll hits you with a +0 club.
The gnoll struggles against the net.
You hit the gnoll but do no damage.
The gnoll is almost dead.
You closely miss the gnoll. The gnoll hits you with a +0 club.
The gnoll barely misses you.
The gnoll struggles against the net.
The net rips apart, and the gnoll comes free!
You hit the gnoll.
You kill the gnoll!
You hit the gnoll but do no damage. You hit the rat.
You kill the rat!
The gnoll hits you with a +0 club. x2
* * * LOW HITPOINT WARNING * * *
You have reached level 3!
Your experience leads to an increase in your attributes!
Increase (S)trength, (I)ntelligence, or (D)exterity?
You feel stronger. x2
The gnoll barely misses you. x2
There is a stone staircase leading up here.
The gnoll hits you from afar with a +0 vorpal spear.
You die...

.. ### .## # #.!
..
..#####.##.####.
#.............<.
#..............
#.....>.....
#..@.)......
#...g†..?...
#......g[......
#.#####........
# #.(......
...##..## #...
.... ##.## .##


You could see 2 gnolls.

Vanquished Creatures
  A gnoll (D:2)
  2 ball pythons (D:1)
  2 endoplasms (D:1)
  2 giant cockroaches (D:1)
  5 goblins (D:1)
  3 hobgoblins (D:1)
  2 kobolds (D:1)
  2 quokkas (D:1)
  2 bats (D:1)
  2 rats
23 creatures vanquished.

Vanquished Creatures (others)
  4 toadstools (D:1)
4 creatures vanquished.

Grand Total: 27 creatures vanquished

Notes
Turn   | Place    | Note
-------+----------+-------------------------------------------
     0 | D:1      | gelatine the Demonspawn Gladiator began the quest for the
                  | Orb.
     0 | D:1      | Reached XP level 1. HP: 16/16 MP: 1/1
   126 | D:1      | Gained mutation: You sometimes gain a little power by
                  | taking damage. [demonic ancestry]
   126 | D:1      | Reached XP level 2. HP: 18/22 MP: 2/2
  1003 | D:2      | HP: 1/22 [gnoll/+0 club (6)]
  1004 | D:2      | Reached XP level 3. HP: 2/27 MP: 3/3
  1005 | D:2      | Slain by a gnoll

Illustrated notes

Levels and vault maps discovered:
D:1:      ldierk_walled_garden_2, layout_basic
D:2:      minmay_chambers_of_ones, layout_loops_ring

Skill      XL: |  1  2 |
---------------+-------+-----
Axes           | 3 |  3.5
Dodging        | 3 |  3.1
Fighting       | |  2.1
Throwing       | |  1.8

Action                   || total
-------------------------++-------
Melee: War axe           ||    41
Throw: Throwing net      ||     2
Armor: Leather armour    ||    11
Dodge: Dodged            ||    36

Table legend: (Time is in decaauts)
 A = Elapsed time spent in this place.
 B = Non-inter-level travel time spent in this place.
 C = Inter-level travel time spent in this place.
 D = Time resting spent in this place.
 E = Time spent auto-exploring this place.
 F = Levels seen in this place.
 G = Mean time per level.
                   A        B        C        D        E       F      G
               +--------+--------+--------+--------+--------+-----+--------+
         Total |   1018 |   1003 |     15 |      0 |    866 |   2 |  509.0 |
       Dungeon |   1018 |   1003 |     15 |      0 |    866 |   2 |  509.0 |
               +--------+--------+--------+--------+--------+-----+--------+

Top non-repeatable levels by time:
     D:1: 1009 daAuts
     D:2: 9 daAuts
